Unix NetHack Version 3.7.0-101 Work-in-progress - last build Mar 25 2024 11:18:41 (462964f8eaac915e699fc3a71b43428251fec12b,branch:master). Game began 2024-03-29 18:10:17, ended 2024-03-29 19:40:28. Gilette, neutral male gnomish Wizard ------- |.....| ------------ -------- |.....| ------ ###...........| |[.*....* ----- |.....| |.....#### |....f.....| |......|# |...| |.....| #....{|# ###-.......@i.-# |......|# |...| |.....| #|>...-##### ------.-----# --.-----## |...| -----.- #------# # # # ## ##### |...| # # ####* # # # # ## --.-- # ### # # ###### ## # # ## # # ###### ## ----.-- # # --.------# ####### # |.....| #----- # |........# #--.-|-- # |.....| #|%.)| ---|- |.......|# #......| ###|.....| #|.[.| |...-##########|....*..|# |.....| #(.....| #-...| |...| #|.......|# #-.....| |.....| |...| |...-#########`|........# ####------- |.<...| ----- ----- #--------- ### ------- ################### Gilette the Conjurer St:9 Dx:14 Co:17 In:19 Wi:7 Ch:8 Neutral Dlvl:3 $:36 HP:0(24) Pw:23(29) AC:5 Xp:3/67 T:2332 Latest messages: Loki misses the gecko. You miss the gecko. Loki bites the gecko. The gecko is killed! You stop. Loki is in the way! You swap places with Loki. You swap places with Loki. The fox bites! You hit the fox. The fox bites! You hit the fox. The fox misses! You miss the fox. The fox bites! The fox bites! You miss the fox. The fox bites! The fox bites! You swap places with Loki. Loki misses the manes. Loki misses the manes. Loki misses the manes. You hit the manes. Loki bites the manes. The manes misses Loki. The manes misses Loki. The manes misses Loki. Loki misses the fox. You miss the manes. Loki misses the manes. Loki misses the manes. You hit the manes. The manes hits! The manes misses! The manes bites! Loki misses the fox. Loki misses the fox. You destroy the manes! Where do you want to travel to? (For instructions type a '?') You swap places with Loki. In what direction? 3 The spell hits the fox! You kill the fox! You swap places with Loki. You swap places with Loki. The manes hits! The manes hits again! The manes bites! You die... Inventory: Coins ('$') $ - 36 gold pieces Weapons (')') K - a cursed -2 elven dagger M - an uncursed +0 orcish dagger (weapon in right hand) a - a blessed +1 quarterstaff Armor ('[') O - an uncursed +0 pair of fumble boots R - an uncursed +0 pair of high boots (being worn) b - an uncursed +0 cloak of magic resistance (being worn) N - an uncursed +0 leather armor (being worn) Scrolls ('?') S - an uncursed scroll of confuse monster j - an uncursed scroll of destroy armor k - an uncursed scroll of teleportation Spellbooks ('+') l - a blessed spellbook of force bolt m - an uncursed spellbook of stone to flesh Potions ('!') h - 2 uncursed potions of gain ability v - a blessed potion of healing u - an uncursed potion of healing f - an uncursed potion of monster detection g - an uncursed potion of paralysis H - an uncursed potion of water Rings ('=') d - an uncursed ring of fire resistance (on left hand) e - an uncursed ring of stealth (on right hand) Wands ('/') Q - an uncursed wand of cancellation (0:4) c - an uncursed wand of speed monster (0:6) Tools ('(') n - an uncursed magic marker (0:19) q - an uncursed skeleton key Gems/Stones ('*') L - an uncursed amethyst stone x - an uncursed worthless piece of red glass s - a cursed worthless piece of yellow glass Gilette the Wizard's attributes: Background: You were a Conjurer, a level 3 male gnomish Wizard. You were neutral, nominally on a mission for Thoth who was opposed by Ptah (lawful) and Anhur (chaotic). You were right-handed. You were in the Dungeons of Doom, on level 3. You entered the dungeon 2332 turns ago. You had 67 experience points, 13 more were needed to attain level 4. Basics: You had 0 out of 24 hit points. You had 23 out of 29 energy points (spell power). Your armor class was 5. Your wallet contained 36 zorkmids. Autopickup was on for '$?!"=/*' plus thrown, with exceptions. Final Characteristics: Your strength was 9 (limit:18/50). Your dexterity was 14 (limit:18). Your constitution was 17 (limit:18). Your intelligence was 19 (limit:19). Your wisdom was 7 (limit:18). Your charisma was 8 (limit:18). Final Status: You weren't hungry. You were unencumbered. You were wielding a dagger. You were unskilled in dagger. Final Attributes: You were piously aligned. You were magic-protected. You were fire resistant. Your items were protected from fire. You were telepathic. You had infravision. You were stealthy. You were warded. You are dead. Miscellaneous: You never encountered a bones level. Total elapsed playing time was 59 minutes and 53 seconds. Major events: Turn 1: Gilette the neutral male gnomish Wizard entered the dungeon 1881: attained the rank of Conjurer (level 3) 2332: killed by a manes Vanquished creatures: a floating eye a hobbit a manes 2 giant rats a red mold 2 geckos 5 jackals 2 foxes 2 kobolds 2 goblins a sewer rat 2 grid bugs 2 lichens a kobold zombie a newt 26 creatures vanquished. No species were genocided or became extinct. Voluntary challenges: You were an atheist. You read items or engraved 4 times. You never engraved Elbereth. You never genocided any monsters. You never polymorphed an object. You never changed form. You used no wishes. Achievements: You entered a shop. You attained the rank of Conjurer. The Dungeons of Doom: levels 1 to 3 Level 1: Level 2: Level 3: <- You were here. A fountain. Final resting place for you, killed by a manes. Game over: ---------- / \ / REST \ / IN \ / PEACE \ / \ | Gilette | | 36 Au | | killed by a | | manes | | | | | | 2024 | *| * * * | * _________)/\\_//(\/(/\)/\//\/|_)_______ Goodbye Gilette the Wizard... You died in The Dungeons of Doom on dungeon level 3 with 411 points, and 36 pieces of gold, after 2332 moves. You were level 3 with a maximum of 24 hit points when you died.